 Dungeon Crawl Stone Soup version 0.19-a0-1834-g6b7851e (webtiles) character file.

884 varam the Covert (level 8, 0/50 HPs)
             Began as an Octopode Assassin on Oct 8, 2016.
             Slain by a hound (2 damage)
             ... on level 5 of the Dungeon.
             The game lasted 00:15:45 (6632 turns).

varam the Covert (Octopode Assassin)                Turns: 6632, Time: 00:15:45

Health: 0/50       AC:  1    Str: 10    XL:     8   Next: 5%
Magic:  8/8        EV: 13    Int: 14    God:
Gold:   232        SH:  0    Dex: 15    Spells: 0 memorised, 7 levels left

rFire  . . .     SeeInvis .     a - +2 dagger
rCold  . . .     Gourm    .     (no shield)
rNeg   + . .     Faith    .     (helmet restricted)
rPois  .         Spirit   .     (no amulet)
rElec  .         Dismiss  .     p - ring of wizardry
rCorr  .         Reflect  .     C - ring of positive energy
MR     .....     Harm     .     (no ring)
Stlth  +++++.....               (no ring)
                                (no ring)
                                (no ring)
                                (no ring)
                                (no ring)

@: no status effects
A: almost no armour, stealthy swim, amphibious, 8 rings, constrict 8, camouflage
1, gelatinous body 1
a: no special abilities


You were on level 5 of the Dungeon.
You were not hungry.

You visited 1 branch of the dungeon, and saw 6 of its levels.
You also visited: Sewer.

You collected 232 gold pieces.

Inventory:

Hand Weapons
 a - a +2 dagger (weapon)
 b - a +0 blowgun
 s - a +0 spear
Missiles
 c - 67 poisoned needles
 d - 2 curare-tipped needles
Magical Staves
 v - an uncursed staff of conjuration
Jewellery
 p - a ring of wizardry (left tentacle)
 C - a ring of positive energy (right tentacle)
Scrolls
 f - a scroll of immolation
 g - 2 scrolls of teleportation
 j - 2 scrolls of blinking {unknown}
 k - a scroll of identify
 l - a scroll of recharging {unknown}
 m - 2 scrolls of noise {unknown}
 o - a scroll of fear
 q - 3 scrolls of amnesia {unknown}
 y - a scroll of remove curse
 B - a scroll of random uselessness {unknown}
 H - a scroll of magic mapping
Potions
 e - 7 potions of curing
 n - a potion of brilliance {unknown}
 r - a potion of mutation {unknown}
 t - a potion of lignification {unknown}
 u - a potion of cure mutation {unknown}
 D - 3 potions of might {unknown}
 E - 2 potions of magic {unknown}
 F - a potion of flight {unknown}
 G - 2 potions of heal wounds {unknown}
 I - 2 potions of haste {unknown}
Comestibles
 i - a beef jerky
 x - 6 fruits
 z - 3 meat rations
 A - 2 slices of pizza


   Skills:
 - Level 2.0 Fighting
 - Level 2.0 Short Blades
 + Level 6.5 Throwing
 - Level 1.0 Dodging
 - Level 10.3 Stealth


You had 7 spell levels left.
You didn't know any spells.

Dungeon Overview and Level Annotations

Branches:
Dungeon (6/15)
 Temple: D:4-7

Altars:

Annotations:
D:5 Blork the orc; Dowan; Duvessa; Gamora's ghost, novice DrTm; Sigmund


Innate Abilities, Weirdness & Mutations

You cannot wear most types of armour.
You are very stealthy in the water. (Stealth+)
You are amphibious.
You can wear up to eight rings at the same time.
You can use your tentacles to constrict eight enemies at once.
Your skin changes colour to match your surroundings (Stealth+).
Your rubbery body absorbs attacks. (AC +1, EV +1)


Message History

Duvessa seems to speed up.
Duvessa says, "My weaknesses are his strengths!"
The hound bites you.
* * * LOW HITPOINT WARNING * * *
Duvessa says, "Did you see that move?
Perfect!"
The hound misses you. The hound bites you.
* * * LOW HITPOINT WARNING * * *
The hound bites you.
* * * LOW HITPOINT WARNING * * *
The hound misses you. The hound closely misses you.
Found a mace.
Found an escape hatch in the ceiling.
The hound closely misses you. The hound bites you.
* * * LOW HITPOINT WARNING * * *
The hound bites you.
* * * LOW HITPOINT WARNING * * *
The hound bites you.
You die...

.......,,,,...#..).....####....##
....#♣♣,***........o............5
g..## *,* *,,.......,....,......#
....#**,***,,,,#...#,..####....,*
)......,,*,,,,,#...##.....'...,,*
.......,,**+***#W....#****#...,,*
.......,,**,* #.Z##.### #...,,.
.......,,,*,* #hr##..Z####......
.[...%.,,,*,* #@.####.......#'..
.......,,,,,***#..# #.......''..
.......,,*,,**,...# #.......##..
,,,,,,,,,*,,**.##.####Z.......'..
,,,,,,,,,**,,..*#.#.......#..##..
,,,,,,,,,**,.#***.#r#######..####
,,,,,,,,,**#.** *.#.#######.....'
,,,,,,,,,* #,,***.#..Z....e..####
,,,,,,,,,****+*,*,###YY..........


You could see Blork the orc (wandering), a hound, Gamora's ghost, a bullfrog
zombie and a quokka.

Vanquished Creatures
  Grinder (D:3)
  A water moccasin (D:6)
  2 big kobolds (Sewer)
  A scorpion (D:4)
  An orc priest (D:3)
  An orc wizard (D:4)
  A worker ant (D:4)
  An iguana (D:3)
  Robin (D:3)
  5 gnolls
  2 river rats
  7 adders
  An ooze (Sewer)
  5 worms
  4 dart slugs
  5 leopard geckos
  9 orcs
  6 ball pythons
  7 bats
  5 giant cockroaches
  15 goblins
  9 hobgoblins
  6 jackals
  A quokka (D:4)
  7 frilled lizards
  12 kobolds
  A quokka skeleton (D:4)
  13 rats
130 creatures vanquished.

Notes
Turn   | Place    | Note
-------+----------+-------------------------------------------
     0 | D:1      | varam the Octopode Assassin began the quest for the Orb.
     0 | D:1      | Reached XP level 1. HP: 14/14 MP: 1/1
   204 | D:1      | Reached skill level 6 in Stealth
   204 | D:1      | Reached XP level 2. HP: 19/19 MP: 2/2
   881 | D:1      | Reached XP level 3. HP: 24/24 MP: 3/3
  1192 | D:2      | Reached skill level 7 in Stealth
  1206 | D:2      | Noticed Robin
  1539 | D:2      | Reached XP level 4. HP: 29/29 MP: 4/4
  1993 | D:3      | Noticed Grinder
  1997 | D:3      | Killed Grinder
  1997 | D:3      | Reached skill level 10 in Stealth
  1997 | D:3      | Reached XP level 5. HP: 34/34 MP: 5/5
  1997 | D:3      | Reached XP level 6. HP: 39/39 MP: 6/6
  3509 | D:3      | Killed Robin
  4458 | D:4      | Reached XP level 7. HP: 45/45 MP: 7/7
  5430 | D:5      | Entered Level 5 of the Dungeon
  5433 | D:5      | Noticed Sigmund
  5537 | D:5      | Found a glowing drain.
  5551 | Sewer    | Entered a sewer
  5663 | Sewer    | Reached skill level 5 in Throwing
  6198 | D:5      | Noticed Gamora's ghost (novice DrTm)
  6208 | D:5      | Noticed Dowan
  6208 | D:5      | Noticed Blork the orc
  6262 | D:6      | Reached XP level 8. HP: 6/50 MP: 8/8
  6570 | D:5      | Noticed Duvessa
  6631 | D:5      | HP: 1/50 [hound (3)]
  6632 | D:5      | Slain by a hound

Vault maps used:
D:1:      scummos_arrival_star
D:2:      uniq_robin
D:3:      minmay_statues_item, uniq_grinder
D:5:      first_bread, portal_sewer_entry_e, minmay_tree_intersection,
          uniq_sigmund, uniq_duvessa, uniq_blork_the_orc
D:6:      sigmund_army
Sewer:    sewer_co_15_rooms

Skill      XL: |  1  2  3  4  5  6  7 |
---------------+----------------------+-----
Stealth        | 6 7 10 | 10.3
Throwing       | 3 6 |  6.5
Fighting       | |  2.0
Short Blades   | |  2.0
Dodging        | |  1.0

Action                   |  1- 3 |  4- 6 |  7- 9 || total
-------------------------+-------+-------+-------++-------
Melee: Dagger            |    68 |   102 |    99 ||   269
       Constrict         |    13 |    29 |    20 ||    62
       Tentacles         |    11 |    21 |    14 ||    46
       Spear             |       |     3 |       ||     3
Throw: Tomahawk          |       |     9 |    16 ||    25
  Use: Scroll            |       |     3 |     4 ||     7
       Potion            |       |       |     2 ||     2
 Stab: Sleeping          |    15 |     5 |    20 ||    40
       Distracted        |       |     2 |       ||     2
  Eat: Chunk             |     2 |     7 |     3 ||    12
       Bread ration      |       |     1 |       ||     1
       Beef jerky        |       |       |     1 ||     1
Armor: Skin              |     8 |     8 |     6 ||    22
Dodge: Dodged            |    41 |    57 |    51 ||   149
